AoeStats
← -.-D-.-i-.-E-.-k-.-Q-.-u-.-ÄsM-

Yucatan

510593998Analyzed
3v3 RM · 8h ago on Oct 1, 2026· 44m 39s· 6 players
Game mode
Random Map
Map size
Normal (6 player)
Population
200
Speed
Normal
Resources
Standard
Victory
Conquest
Starting age
Dark Age
Ending age
Imperial Age
RankedLock teamsTeams togetherTeam positionsShared explorationLock speedFull tech treeHidden civsTurbo modeCheats
Victory
Defeat
🇩🇪 Mongols · Germany
1205
+12
🇩🇪 Persians · Germany
1120
+16
🇩🇪 Ethiopians · Germany
1095
+16
🇨🇿 Spanish · Czechia
1128
-15
1119
-15
🇨🇱 Sicilians · Chile
1105
-14
TheShade
2:49 Loom
11:25 Feudal Age
15:25 Castle Age
13:56 Double-Bit Axe
17:00 Town Watch
20:09 Horse Collar
20:41 Bow Saw
22:21 Wheelbarrow
23:24 Heavy Plow
23:19 Stone Mining
26:12 Gold Mining
29:10 Hand Cart
29:26 Fletching
31:18 Bloodlines
31:09 Husbandry
31:15 Pikeman
36:17 Squires
36:03 Elite Skirmisher
36:50 Thumb Ring
39:40 Imperial Age
37:13 Town Patrol
39:42 Bodkin Arrow
39:57 Forging
39:48 Scale Mail Armor
39:48 Padded Archer Armor
39:53 Scale Barding Armor
40:55 Conscription
41:40 Elite Conquistador
43:08 Halberdier
44:27 Iron Casting
44:08 Leather Archer Armor
44:14 Chain Barding Armor
Sirsoberbio
4:11 Loom
8:31 Loom
14:00 Feudal Age
17:32 Castle Age
15:59 Double-Bit Axe
16:58 Horse Collar
17:26 Gold Mining
17:58 Scale Barding Armor
18:04 Forging
19:30 Bow Saw
20:23 Town Watch
21:13 Wheelbarrow
22:30 Stone Mining
27:05 First Crusade
27:26 Iron Casting
26:51 Scale Mail Armor
27:23 Heavy Plow
27:41 Scale Mail Armor
29:03 Chain Mail Armor
32:05 Imperial Age
32:13 Hand Cart
32:07 Elite Serjeant
33:07 Conscription
33:50 Heavy Scorpion
34:10 Cavalier
36:07 Crop Rotation
36:05 Husbandry
36:15 Bloodlines
38:00 Hauberk
38:45 Chain Barding Armor
39:00 Onager
39:57 Caravan
40:58 Plate Barding Armor
41:25 Blast Furnace
41:04 Fletching
-.-D-.-i-.-E-.-k-.-Q-.-u-.-ÄsM-
11:08 Feudal Age
14:01 Double-Bit Axe
13:57 Horse Collar
16:57 Castle Age
18:46 Bow Saw
18:17 Horse Collar
22:16 Wheelbarrow
23:41 Heavy Plow
24:40 Fishing Lines
24:53 Gold Mining
26:28 Demolition Ship
27:14 Fletching
28:21 Hand Cart
29:05 Yasama
32:04 Imperial Age
29:05 Elite Skirmisher
29:42 Bodkin Arrow
30:58 Loom
30:59 Town Watch
31:27 Padded Archer Armor
31:38 Forging
31:29 Scale Mail Armor
30:55 Crossbowman
31:41 Thumb Ring
32:08 Guard Tower
32:39 Ballistics
32:28 Scale Barding Armor
32:40 Leather Archer Armor
32:08 Arbalester
32:50 Bracer
33:59 Iron Casting
34:29 Chemistry
32:57 Capped Ram
34:19 Chain Mail Armor
35:46 Two-Man Saw
34:38 Gillnets
35:25 Gold Shaft Mining
34:41 Stone Mining
35:04 Town Patrol
35:37 Ring Archer Armor
35:36 Squires
39:33 Gambesons
39:08 Man-at-Arms
39:09 Pikeman
40:21 Plate Mail Armor
40:52 Blast Furnace
39:53 Halberdier
39:54 Long Swordsman
41:50 Keep
41:27 Masonry
42:49 Scale Barding Armor
43:27 Kataparuto
44:49 Chain Barding Armor
Karl_Liebknecht
5:09 Loom
12:10 Feudal Age
16:55 Castle Age
15:28 Double-Bit Axe
15:52 Stone Mining
15:58 Horse Collar
18:11 Bow Saw
22:36 Wheelbarrow
24:12 Gold Mining
29:29 Gold Shaft Mining
29:12 Forging
29:07 Scale Barding Armor
29:42 Hand Cart
32:07 Imperial Age
29:23 Town Watch
31:20 Iron Casting
32:03 Bloodlines
31:54 Husbandry
32:21 Chain Barding Armor
33:32 Blast Furnace
32:55 Conscription
32:12 Cavalier
35:28 Stone Shaft Mining
35:56 Two-Man Saw
34:59 Heavy Plow
36:12 Plate Barding Armor
36:39 Coinage
36:09 Caravan
37:44 Crop Rotation
36:40 Savar
39:31 Ballistics
39:24 Masonry
40:15 Chemistry
40:50 Elite War Elephant
43:21 Banking
Klabusterperle
10:24 Feudal Age
14:08 Castle Age
12:05 Double-Bit Axe
12:44 Loom
13:06 Gold Mining
13:03 Horse Collar
15:17 Bow Saw
20:43 Wheelbarrow
22:21 Heavy Plow
24:47 Hand Cart
29:08 Imperial Age
28:36 Fletching
28:47 Padded Archer Armor
29:09 Ballistics
29:01 Masonry
28:49 Murder Holes
29:05 Fortified Wall
29:23 Elite Mangudai
30:23 Conscription
30:02 Bodkin Arrow
30:51 Scale Barding Armor
31:02 Leather Archer Armor
30:58 Forging
31:28 Bloodlines
31:18 Husbandry
31:24 Light Cavalry
35:48 Chain Barding Armor
37:15 Bracer
37:27 Nomads
37:51 Drill
36:59 Hussar
38:51 Iron Casting
39:23 Chemistry
41:23 Onager
43:28 Blast Furnace
Roller-Rolf
11:19 Feudal Age
9:35 Loom
13:44 Double-Bit Axe
16:38 Castle Age
16:25 Fletching
16:36 Padded Archer Armor
21:55 Horse Collar
26:46 Wheelbarrow
29:36 Imperial Age
27:00 Town Watch
27:06 Town Watch
27:35 Crossbowman
28:20 Thumb Ring
29:15 Ballistics
29:56 Gold Mining
30:30 Bow Saw
32:03 Chemistry
31:34 Arbalester
32:49 Bodkin Arrow
33:48 Gold Shaft Mining
33:57 Bracer
35:57 Conscription
37:06 Hand Cart
37:43 Torsion Engines
38:09 Masonry
38:28 Leather Archer Armor
42:40 Ring Archer Armor
44:58 Two-Man Saw
Connection lost

Rejoining the realm…

Still unreachable

The connection could not be restored.

Session expired

The server has moved on; the page needs a fresh start.